 Dungeon Crawl Stone Soup version 0.29.1-2-gbd0b4ee654 (webtiles) character file.

Game seed: 3104781142407566474

127 gelatine the Stinger (level 4, -2/30 HPs)
             Began as a Demonspawn Venom Mage on Oct 26, 2022.
             Slain by a worm (7 damage)
             ... on level 3 of the Dungeon.
             The game lasted 00:05:51 (2506 turns).

gelatine the Stinger (Demonspawn Venom Mage)        Turns: 2506, Time: 00:05:52

Health: -2/30      AC:  5    Str:  8    XL:     4   Next: 85%
Magic:  1/9        EV: 12    Int: 19    God:
Gold:   85         SH:  4    Dex: 13    Spells: 6/9 levels left

rFire   . . .      SeeInvis .   k - +2 dagger (elec)
rCold   . . .      Faith    .   (no shield)
rNeg    . . .      Spirit   .   a - +1 robe
rPois   .          Reflect  .   (no helmet)
rElec   .          Harm     .   (no cloak)
rCorr   .          Rampage  .   (no gloves)
Will    .....                   (no boots)
Stlth   ++........              (no amulet)
HPRegen 0.10/turn               d - ring of wizardry
MPRegen 0.11/turn               (no ring)

@: no status effects
A: yellow scales 1, condensation shield
a: no special abilities


You were on level 3 of the Dungeon.
You visited 1 branch of the dungeon, and saw 3 of its levels.

You collected 85 gold pieces.

Inventory:

Hand Weapons
 k - a +2 dagger of electrocution (weapon)
 l - a +0 rapier
Armour
 a - a +1 robe (worn)
Jewellery
 d - a ring of wizardry (left hand)
 g - a ring of ice
Scrolls
 h - a scroll of teleportation
Potions
 b - a potion of magic
 f - a potion of attraction
 m - a potion of resistance
 n - a potion of lignification {unknown}


   Skills:
 + Level 0.2 Fighting
 + Level 0.1 Short Blades
 + Level 2.0 Dodging
 + Level 1.8 Stealth
 + Level 3.3 Spellcasting
 + Level 1.9 Transmutations
 + Level 4.0 Poison Magic


You had 6 spell levels left.
You knew the following spells:

 Your Spells              Type           Power      Damage    Failure   Level
a - Sting                 Tmut/Pois      56%        1d5       1%          1
b - Poisonous Vapours     Pois/Air       20%        N/A       4%          2

Your spell library contained the following spells:

 Spells                   Type           Power      Damage    Failure   Level
 Apportation              Tloc           6%         N/A       6%          1
 Mephitic Cloud           Conj/Pois/Air  8%         N/A       11%         3
 Olgreb's Toxic Radiance  Pois           18%        N/A       12%         4
 Call Canine Familiar     Summ           3%         N/A       17%         3
 Portal Projectile        Hex/Tloc       6%         N/A       17%         3
 Alistair's Intoxication  Tmut/Pois      9%         N/A       43%         5
 Leda's Liquefaction      Hex/Erth       1%         N/A       47%         4


Dungeon Overview and Level Annotations

Branches:
Dungeon (3/15)

Altars:


Innate Abilities, Weirdness & Mutations

You are partially covered in yellow scales. (AC +2)
A meltable shield of frost defends you. (SH +4)


Message History

You kill the ball python!
The sting misses the rat.
The rat bites you but does no damage.
You hit the rat.
You kill the rat!
The river rat bites you.
The sting hits the river rat but does no damage.
The river rat is poisoned.
The river rat bites you but does no damage.
You hit the river rat.
The river rat is heavily wounded.
The river rat bites you but does no damage.
You closely miss the river rat.
The river rat is heavily wounded.
The river rat bites you.
You closely miss the river rat.
The river rat is heavily wounded.
The river rat bites you but does no damage.
You hit the river rat but do no damage.
Lightning courses through the river rat!!
You kill the river rat!
The sting misses the worm.
The sting hits the worm.
The worm is poisoned.
The worm is lightly wounded.
The sting hits the worm.
The worm looks even sicker.
The worm is moderately wounded.
The sting hits the worm.
The worm looks even sicker.
The worm is moderately wounded.
The worm bites you!
You barely miss the worm.
The worm is moderately wounded.
You hit the worm.
The worm is heavily wounded.
The worm bites you!
* * * LOW HITPOINT WARNING * * *
You hit the worm.
The worm is heavily wounded.
You hit the worm.
The worm is severely wounded.
The worm bites you!
You die...

#~~~.# #~....
#+~~... ~~~~...
....... ~......
#### ......w###
#... .?.....@.#
#... ########.#
#... #.# #... #.#
#.#. #.# #.#. #.#
#.#. #.# #...
#.##############.
#............>...


You could see a worm (very poisoned).

Vanquished Creatures
  A hound (D:2)
  3 gnolls (D:3)
  A river rat (D:3)
  A worm (D:2)
  A dart slug (D:2)
  8 ball pythons
  2 bats (D:1)
  9 endoplasms
  2 giant cockroaches (D:1)
  9 goblins
  2 hobgoblins
  6 jackals
  3 frilled lizards
  2 kobolds
  5 rats
55 creatures vanquished.

Notes
Turn   | Place    | Note
-------+----------+-------------------------------------------
     0 | D:1      | gelatine the Demonspawn Venom Mage began the quest for the
                  | Orb.
     0 | D:1      | Reached XP level 1. HP: 13/13 MP: 3/3
   443 | D:1      | Gained mutation: You are partially covered in yellow
                  | scales. (AC +2) [demonic ancestry]
   443 | D:1      | Reached XP level 2. HP: 12/19 MP: 1/5
   582 | D:1      | Found a faded altar of an unknown god.
  1354 | D:2      | Reached XP level 3. HP: 24/24 MP: 4/7
  1390 | D:2      | Reached skill level 1 in Transmutations
  1734 | D:2      | Gained mutation: A meltable shield of frost defends you.
                  | (SH +4) [demonic ancestry]
  1734 | D:2      | Reached XP level 4. HP: 23/30 MP: 2/8
  2201 | D:2      | Learned a level 2 spell: Poisonous Vapours
  2272 | D:3      | Reached skill level 4 in Poison Magic
  2506 | D:3      | Slain by a worm

Illustrated notes

Levels and vault maps discovered:
D:1:      dpeg_arrival_pond, layout_basic,
          shapermc_ecumenical_altar_starsandcircs
D:2:      layout_rooms
D:3:      layout_basic, portal_sewer_entry_e

Skill      XL: |  1  2  3  4 |
---------------+-------------+-----
Dodging        | 2 |  2.0
Transmutations | 1 |  1.9
Spellcasting   | 3 |  3.3
Poison Magic   | 4 |  4.0
Fighting       | |  0.2
Short Blades   | |  0.1
Stealth        | |  1.8

Action                   |  1- 3 |  4- 6 || total
-------------------------+-------+-------++-------
Melee: Dagger            |    31 |    26 ||    57
       Unarmed           |     2 |       ||     2
       Punch             |       |     1 ||     1
 Cast: Sting             |    69 |    42 ||   111
       Poisonous Vapours |       |     2 ||     2
  Use: Scroll            |       |     6 ||     6
Armor: Robe              |    16 |     7 ||    23
Dodge: Dodged            |    28 |     8 ||    36
Block: Other             |       |     2 ||     2
